 Dungeon Crawl Stone Soup version 0.23.2-40-g277498a001 (webtiles) character file.

Game seed: 15254055558750349856

3107 Descartes the Blocker (level 10, -3/82 HPs)
             Began as a Formicid Fighter on Oct 5, 2019.
             Slain by an orc warrior
             ... wielding a cursed -2 halberd
              (17 damage)
             ... in a bailey.
             The game lasted 00:16:18 (7196 turns).

Descartes the Blocker (Formicid Fighter)            Turns: 7196, Time: 00:16:19

Health: -3/82      AC: 11    Str: 26    XL:     10   Next: 13%
Magic:  10/10      EV:  7    Int: 10    God:
Gold:   354        SH: 12    Dex: 14    Spells: 8/9 levels left

rFire    . . .     SeeInvis +   a - +1 war axe
rCold    . . .     Gourm    .   c - +0 shield
rNeg     . . .     Faith    .   l - +0 plate armour
rPois    .         Spirit   .   (helmet unavailable)
rElec    .         Reflect  .   (no cloak)
rCorr    .         Harm     .   (no gloves)
MR       +....                  (no boots)
Stlth    ..........             (no amulet)
HPRegen  0.23/turn              y - +4 ring of strength
MPRegen  0.12/turn              v - +4 ring of dexterity

@: no status effects
A: permanent stasis, dig shafts and tunnels, four strong arms, antennae 3, icy
blue scales 1, deformed body
a: Dig, Shaft Self


You were in a bailey.
You were not hungry.

You visited 2 branches of the dungeon, and saw 9 of its levels.
You also visited: Bailey.

You collected 354 gold pieces.

Inventory:

Hand Weapons
 a - a +1 war axe (weapon)
 D - a +4 dire flail
Missiles
 h - 174 arrows
 k - 373 stones
 p - 5 tomahawks (quivered)
 r - 57 poisoned needles
 w - a throwing net
 A - 7 javelins
Armour
 b - a +0 scale mail
 c - a +0 shield (worn)
 l - a +0 plate armour (worn)
 E - a +0 robe of positive energy
Jewellery
 g - an uncursed ring of resist corrosion
 v - a +4 ring of dexterity (right hand)
 y - a +4 ring of strength (left hand)
 I - an uncursed ring of stealth
Wands
 z - a wand of paralysis (18)
Scrolls
 j - 7 scrolls of remove curse
 m - a scroll of fog
 n - a scroll of random uselessness
 t - a scroll of enchant weapon
 H - a scroll of blinking {unknown}
Potions
 e - 4 potions of flight
 i - a potion of magic {unknown}
 q - a potion of curing
 x - a potion of heal wounds {unknown}
 B - a potion of cancellation {unknown}
 C - a potion of degeneration {unknown}
 F - a potion of invisibility {unknown}
Comestibles
 d - 7 chunks of flesh
 f - 12 rations


   Skills:
 + Level 8.9 Fighting
 - Level 5.0 Axes
 + Level 8.9 Armour
 - Level 0.3 Dodging
 - Level 9.0 Shields
 - Level 0.3 Spellcasting


You had 8 spell levels left.
You knew the following spells:

 Your Spells              Type           Power        Failure   Level  Hunger
a - Beastly Appendage     Tmut           #.....       98%         1    ##.....

Your spell library contained the following spells:

 Spells                   Type           Power        Failure   Level  Hunger
 Sticks to Snakes         Tmut           #.......     99%         2    ###....
 Spider Form              Tmut/Pois      #.........   100%        3    ####...
 Ice Form                 Ice/Tmut       #.......     100%        4    #####..
 Blade Hands              Tmut           #.........   100%        5    ######.


Dungeon Overview and Level Annotations

Branches:
Dungeon (8/15)             Temple (1/1) D:6
   Lair: D:8-11

Altars:
Ashenzari
Cheibriados
Dithmenos
Elyvilon
Fedhas
Gozag
Hepliaklqana
Kikubaaqudgha
Nemelex Xobeh
Okawaru
Qazlal
Ru
Sif Muna
Trog
Uskayaw
Vehumet
Wu Jian
Xom
Yredelemnul
Zin
The Shining One


Innate Abilities, Weirdness & Mutations

You cannot be hasted, slowed, berserked, paralysed or teleported.
You can dig through walls and to a lower floor.
Your four strong arms can wield two-handed weapons with a shield.
You have a pair of large antennae on your head. (SInv)
You are partially covered in icy blue scales. (AC +2)
Armour fits poorly on your strangely shaped body.


Message History

* * * LOW HITPOINT WARNING * * *
The orc hits you from afar with a +0 halberd!
* * * LOW HITPOINT WARNING * * *
You block the orc's attack. The orc barely misses you.
You block the orc warrior's attack.
The orc warrior hits you but does no damage.
You block the orc's attack. The orc barely misses you.
You feel a little less mighty now. You block the orc's attack.
There is an open door here.
You feel better. The orc warrior barely misses you.
You block the orc's attack. x2
You block the orc warrior's attack.
The orc warrior hits you from afar with a cursed +0 halberd.
* * * LOW HITPOINT WARNING * * *
You slash the orc!
You kill the orc!
You barely miss the orc. You block the orc's attack.
The orc hits you but does no damage.
The orc warrior hits you from afar with a cursed -2 halberd!
You die...

############ #######
#.∩....))..## ##.....##
......)))...######.......#
.....))))...#.$$.#o).)...+
∩.....))....'...@)o..)...+
............#.$$o#o)))...+
............######.......#
#.∩........## ##.....##
############ #######


You could see 2 orc warriors and 2 orcs.

Vanquished Creatures
  3 orc warriors (Bailey)
  2 sky beasts
  An ice beast (D:5)
  7 ogres
  2 centaurs
  A big kobold (D:5)
  5 bullfrogs
  A gnoll sergeant (D:4)
  3 scorpions
  4 killer bees (D:7)
  5 wights
  A centaur zombie (D:6)
  2 crimson imps
  2 orc priests
  A hound (D:4)
  A jelly (D:6)
  3 orc wizards
  6 worker ants
  2 hound zombies
  2 worker ant zombies (D:5)
  9 gnolls
  8 adders
  An ooze (D:2)
  2 adder zombies
  2 adder skeletons (D:5)
  2 worms
  5 dart slugs
  A leopard gecko (D:1)
  34 orcs
  2 ball pythons
  7 bats
  3 giant cockroaches
  5 goblins
  7 hobgoblins
  6 jackals
  8 kobolds
  4 quokkas
  5 frilled lizards
  A jackal skeleton (D:7)
  A leopard gecko zombie (D:6)
  A quokka zombie (D:6)
  8 rats
176 creatures vanquished.

Notes
Turn   | Place    | Note
-------+----------+-------------------------------------------
     0 | D:1      | Descartes the Formicid Fighter began the quest for the Orb.
     0 | D:1      | Reached XP level 1. HP: 18/18 MP: 1/1
   106 | D:1      | Reached XP level 2. HP: 23/24 MP: 2/2
   167 | D:1      | Reached skill level 4 in Shields
   309 | D:1      | Reached XP level 3. HP: 26/29 MP: 3/3
   795 | D:2      | Reached XP level 4. HP: 25/37 MP: 4/4
   953 | D:2      | Reached XP level 5. HP: 16/42 MP: 5/5
  1223 | D:2      | Reached skill level 5 in Shields
  1418 | D:2      | Found a sparkling altar of Nemelex Xobeh.
  1590 | D:2      | Found a bloodstained altar of Trog.
  2102 | D:3      | Found a glowing golden altar of the Shining One.
  2350 | D:4      | Noticed an ogre
  2357 | D:3      | Killed an ogre
  2357 | D:3      | Reached XP level 6. HP: 16/48 MP: 6/6
  2798 | D:4      | Reached skill level 6 in Shields
  2817 | D:4      | Reached XP level 7. HP: 22/55 MP: 7/7
  3804 | D:5      | Entered Level 5 of the Dungeon
  3981 | D:5      | Reached skill level 5 in Fighting
  3981 | D:5      | Reached skill level 5 in Armour
  3981 | D:5      | Reached skill level 7 in Shields
  4001 | D:5      | Reached XP level 8. HP: 31/62 MP: 8/8
  4159 | D:5      | Found a deep blue altar of Sif Muna.
  4159 | D:5      | You fall through a shaft for 2 floors!
  4253 | D:7      | Reached skill level 8 in Shields
  4619 | D:7      | Learned a level 1 spell: Beastly Appendage
  4812 | D:7      | Reached skill level 5 in Axes
  4812 | D:7      | Reached XP level 9. HP: 66/69 MP: 9/9
  4852 | D:7      | Reached skill level 9 in Shields
  6008 | D:6      | Found a staircase to the Ecumenical Temple.
  6017 | Temple   | Entered the Ecumenical Temple
  6310 | D:5      | Found an ancient bone altar of Kikubaaqudgha.
  6313 | D:5      | Found a blossoming altar of Fedhas.
  7011 | D:7      | Gained mutation: You expend magic power (3 MP) to
                  | strengthen your wands. [potion of mutation]
  7011 | D:7      | Gained mutation: Your spells are a little harder to cast,
                  | but a little more powerful. [potion of mutation]
  7011 | D:7      | Gained mutation: Your muscles are strong. (Str +2) [potion
                  | of mutation]
  7012 | D:7      | Lost mutation: Your spells are a little harder to cast, but
                  | a little more powerful. [potion of mutation]
  7012 | D:7      | Lost mutation: You expend magic power (3 MP) to strengthen
                  | your wands. [potion of mutation]
  7012 | D:7      | Lost mutation: Your muscles are strong. (Str +2) [potion of
                  | mutation]
  7012 | D:7      | Gained mutation: Armour fits poorly on your strangely
                  | shaped body. [potion of mutation]
  7012 | D:7      | Gained mutation: You are partially covered in icy blue
                  | scales. (AC +2) [potion of mutation]
  7098 | D:8      | Reached XP level 10. HP: 73/82 MP: 10/10
  7128 | D:8      | Found a flagged portal.
  7137 | Bailey   | Entered a bailey
  7196 | Bailey   | Slain by an orc warrior

Skill      XL: |  1  2  3  4  5  6  7  8  9 |
---------------+----------------------------+-----
Shields        | 4 5 6 7 8 9 |  9.0
Fighting       | 4 5 6 8 |  8.9
Armour         | 4 5 6 8 |  8.9
Axes           | 3 4 5 |  5.0
Dodging        | |  0.3
Spellcasting   | |  0.3

Action                   |  1- 3 |  4- 6 |  7- 9 | 10-12 || total
-------------------------+-------+-------+-------+-------++-------
Melee: War axe           |    65 |   170 |   368 |    19 ||   622
 Abil: Dig               |       |     2 |     3 |       ||     5
  Use: Scroll            |       |       |     7 |     2 ||     9
       Potion            |       |       |     3 |     3 ||     6
  Eat: Chunk             |       |     6 |    16 |       ||    22
Armor: Scale mail        |    18 |       |       |       ||    18
       Plate armour      |    19 |    84 |   165 |    22 ||   290
Dodge: Dodged            |    16 |    29 |    82 |    39 ||   166
Block: Shield            |    36 |    88 |   256 |    51 ||   431
